 Dungeon Crawl Stone Soup version 0.25-a0-378-gd2ca0b7745 (webtiles) character file.

Game seed: 769866020497163947, levelgen mode: deterministic

2 PentaManta the Caller (level 1, -1/13 HPs)
             Began as a Merfolk Summoner on Jan 7, 2020.
             Killed from afar by a dart slug (5 damage)
             ... with a slug dart
             ... on level 1 of the Dungeon.
             The game lasted 00:01:04 (113 turns).

PentaManta the Caller (Merfolk Summoner)             Turns: 113, Time: 00:01:04

Health: -1/13      AC:  2    Str:  8    XL:     1   Next: 40%
Magic:  1/3        EV: 13    Int: 14    God:
Gold:   0          SH:  0    Dex: 14    Spells: 3/4 levels left

rFire    . . .     SeeInvis .   b - +0 whip
rCold    . . .     Gourm    .   (no shield)
rNeg     . . .     Faith    .   a - +0 robe
rPois    .         Spirit   .   (no helmet)
rElec    .         Reflect  .   (no cloak)
rCorr    .         Harm     .   (no gloves)
MR       .....                  (no boots)
Stlth    ++........             (no amulet)
HPRegen  0.04/turn              (no ring)
MPRegen  0.08/turn              (no ring)

@: no status effects
A: change form in water, swift swim, stealthy swim
a: no special abilities


You were on level 1 of the Dungeon.
You were not hungry.

You visited 1 branch of the dungeon, and saw 1 of its levels.

Inventory:

Hand Weapons
 b - a +0 whip (weapon)
Armour
 a - a +0 robe (worn)
Scrolls
 d - a scroll of teleportation {unknown}
Comestibles
 c - a ration


   Skills:
 + Level 2.8 Dodging
 - Level 2.1 Stealth
 + Level 2.0 Spellcasting
 + Level 4.0 Summonings


You had 3 spell levels left.
You knew the following spells:

 Your Spells              Type           Power        Failure   Level  Hunger
a - Summon Small Mammal   Summ           ##..         4%          1    ##.....

Your spell library contained the following spells:

 Spells                   Type           Power        Failure   Level  Hunger
 Call Imp                 Summ           ##......     7%          2    ###....
 Call Canine Familiar     Summ           ##......     14%         3    ####...
 Summon Guardian Golem    Hex/Summ       #.......     30%         3    ####...
 Summon Ice Beast         Ice/Summ       #.......     71%         4    #####..
 Summon Lightning Spire   Summ/Air       #.......     71%         4    #####..


Dungeon Overview and Level Annotations

Branches:
Dungeon (1/15)

Altars:


Message History

The jackal dies!
You barely miss the jackal. The jackal barely misses you.
Your quokka misses the jackal. The jackal bites you.
You barely miss the jackal.
Your quokka bites the jackal.
The jackal closely misses you.
Your quokka barely misses the jackal.
You closely miss the jackal.
The jackal is lightly wounded.
The jackal misses you. The jackal bites you.
Your quokka misses the jackal. You hit the jackal.
The jackal is moderately wounded.
The jackal bites you.
Your quokka bites the jackal.
The jackal barely misses you.
You hit the jackal.
You kill the jackal!
The dart slug launches a dart at you. The slug dart hits you.
Your quokka bites the dart slug but does no damage.
The dart slug launches a dart at you. The slug dart misses your quokka.
The slug dart hits you.
You die...

#.#....≈≈≈≈≈≈≈≈≈..
#.###############
#.# #.#
#.############
......
#............#
.....
#########....####
.... #.......###
... ###.###.@.# h.
#..####r####h#
##...##w..?#.#
###.#####...# #.#
##...# #.# #.#..#
#.# #.##.# #.# ..#
.# #.# ### #


You could see a dart slug and a friendly quokka.

Vanquished Creatures
  A jackal (D:1)
1 creature vanquished.

Vanquished Creatures (collateral kills)
  2 jackals (D:1)
2 creatures vanquished.

Grand Total: 3 creatures vanquished

Notes
Turn   | Place    | Note
-------+----------+-------------------------------------------
     0 | D:1      | PentaManta the Merfolk Summoner began the quest for the
                  | Orb.
     0 | D:1      | Reached XP level 1. HP: 13/13 MP: 3/3
   113 | D:1      | Killed from afar by a dart slug

Levels and vault maps discovered:
D:1:      nzn_arrival_depleted_hourglass, layout_rooms, minmay_3d_cube

Action                   || total
-------------------------++-------
Melee: Whip              ||    14
 Cast: Summon Small Mamm ||     4
  Use: Scroll            ||     1
 Stab: Distracted        ||     1
Armor: Robe              ||     1
Dodge: Dodged            ||     9

Table legend:
 A = Non-vault XP
 B = Vault XP
 C = Vault XP percentage of total XP
 D = Non-vault monster count
 E = Vault monster count
 F = Vault count percentage of total count
                 A         B        C        D         E       F
            +---------+---------+-------+---------+---------+-------
      Total |       4 |       0 |   0.0 |       3 |       0 |   0.0
            +---------+---------+-------+---------+---------+-------
        D:1 |       4 |       0 |   0.0 |       3 |       0 |   0.0
            +---------+---------+-------+---------+---------+-------
